 Dungeon Crawl Stone Soup version 0.22-a0-456-g11ed031 (webtiles) character file.

37 fjord the Sneak (level 3, -2/27 HPs)
             Began as a Vampire Assassin on June 4, 2018.
             Slain by Terence
             ... wielding a +0 hand axe
              (6 damage)
             ... on level 2 of the Dungeon on June 6, 2018.
             The game lasted 00:08:59 (1649 turns).

fjord the Sneak (Vampire Assassin)                  Turns: 1649, Time: 00:09:00

Health: -2/27      AC:  4    Str: 10    XL:     3   Next: 23%
Magic:  3/3        EV: 12    Int: 13    God:
Gold:   33         SH:  0    Dex: 16    Spells: 2/2 levels left

rFire    . . .     SeeInvis +   a - +2 dagger
rCold    + . .     Gourm    .   (no shield)
rNeg     + + .     Faith    .   c - +0 robe
rPois    +         Spirit   .   (no helmet)
rElec    .         Reflect  .   d - +0 cloak
rCorr    .         Harm     .   k - +0 pair of gloves
MR       .....                  (no boots)
Stlth    ++++......             (no amulet)
HPRegen  0.04/turn              (no ring)
MPRegen  0.08/turn              (no ring)

@: regenerating slowly
A: fangs 3, see invisible, unbreathing
a: Bat Form


You were on level 2 of the Dungeon.
You were thirsty.

You visited 1 branch of the dungeon, and saw 2 of its levels.

You collected 33 gold pieces.

Inventory:

Hand Weapons
 a - a +2 dagger (weapon)
 b - a +0 blowgun
 j - a +0 dagger
Missiles
 e - 5 poisoned needles
 f - 2 curare-tipped needles
Armour
 c - a +0 robe (worn)
 d - a +0 cloak (worn)
 k - a +0 pair of gloves (worn)
Jewellery
 h - a +3 ring of protection {unknown}
Scrolls
 m - 2 scrolls of immolation {unknown}
 n - 2 scrolls of enchant armour {unknown}
Potions
 g - a potion of blood
 i - 2 potions of mutation {unknown}
 l - a potion of curing {unknown}


   Skills:
 - Level 1.7 Fighting
 * Level 2.7 Short Blades
 * Level 2.2 Throwing
 - Level 1.1 Dodging
 + Level 6.6 Stealth


You had 2 spell levels left.
You didn't know any spells.
Your spell library was empty.

Dungeon Overview and Level Annotations

Branches:
Dungeon (2/15)

Altars:

Annotations:
D:2 Terence


Innate Abilities, Weirdness & Mutations

You heal slowly.
You have razor-sharp teeth.
You have supernaturally acute eyesight. (SInv)
You can survive without breathing.


Message History

* * * LOW HITPOINT WARNING * * *
You hit Terence but do no damage. You bite Terence, but do no damage.
Terence is almost dead.
Terence misses you.
You closely miss Terence.
Terence is almost dead.
You hit Terence but do no damage.
Terence is almost dead.
Terence hits you but does no damage.
You hit Terence but do no damage.
Terence is almost dead.
Terence hits you with a hand axe.
* * * LOW HITPOINT WARNING * * *
You barely miss Terence.
Terence is almost dead.
Terence completely misses you.
You hit Terence but do no damage. Your bite misses Terence.
Terence is almost dead.
Terence hits you with a hand axe.
You die...

#.# #.#.# #.# #.#.#
# #.# #.#.#.#
#.#####.....#
#........####
#######....(#
#.###.#
#..##########.#
#.....@@......###..
#.#......!.........#
#...############.#
##.# #. #


You could see Terence.

Vanquished Creatures
  A dart slug (D:1)
  A leopard gecko (D:2)
  3 giant cockroaches
  6 hobgoblins
  5 kobolds
  2 ball pythons
  2 bats (D:1)
  2 frilled lizards
  4 goblins (D:1)
  8 rats
34 creatures vanquished.

Notes
Turn   | Place    | Note
-------+----------+-------------------------------------------
     0 | D:1      | fjord the Vampire Assassin began the quest for the Orb.
     0 | D:1      | Reached XP level 1. HP: 16/16 MP: 1/1
   203 | D:1      | Reached skill level 6 in Stealth
   286 | D:1      | Reached XP level 2. HP: 18/22 MP: 2/2
  1481 | D:2      | Reached XP level 3. HP: 27/27 MP: 3/3
  1546 | D:2      | Upgraded the game from 0.22-a0-448-g1fb7470 to 0.22-a0-456-g11ed031
  1608 | D:2      | Noticed Terence
  1649 | D:2      | Slain by Terence

Vault maps used:
D:1:      dpeg_arrival_stone_temple_mockup
D:2:      first_ration, uniq_jessica, uniq_terence

Skill      XL: |  1  2 |
---------------+-------+-----
Stealth        | 6 |  6.6
Throwing       | 2 |  2.2
Fighting       | |  1.7
Short Blades   | |  2.7
Dodging        | |  1.1

Action                   || total
-------------------------++-------
Melee: Dagger            ||    83
       Bite              ||     9
 Fire: Blowgun           ||    23
  Use: Potion            ||     1
 Stab: Sleeping          ||    12
Armor: Robe              ||    16
Dodge: Dodged            ||    27

Table legend:
 A = Spawn XP
 B = Non-spawn XP
 C = Spawn XP percentage of total XP
 D = Spawn monster count
 E = Non-spawn monster count
 F = Spawn count percentage of total count
 G = Total turns spent on level
                    A         B        C        D         E        F      G
               +---------+---------+-------+---------+---------+-------+---------
         Total |       0 |      54 |   0.0 |       0 |      34 |   0.0 |  1649
               +---------+---------+-------+---------+---------+-------+---------
           D:1 |       0 |      39 |   0.0 |       0 |      25 |   0.0 |  1456
           D:2 |       0 |      15 |   0.0 |       0 |       9 |   0.0 |   193
               +---------+---------+-------+---------+---------+-------+---------
